 Dungeon Crawl Stone Soup version 0.28-a0-1080-g05a166d0ed (webtiles) character file.

Game seed: 18037461403484628954

160 yoda5477 the Chopper (level 5, -1/41 HPs)
             Began as a Demonspawn Fighter on Dec 9, 2021.
             Succumbed to a killer bee's poison
             ... on level 4 of the Dungeon.
             The game lasted 00:11:22 (3871 turns).

yoda5477 the Chopper (Demonspawn Fighter)           Turns: 3871, Time: 00:11:22

Health: -1/41      AC:  9    Str: 15 (18) XL:     5   Next: 17%
Magic:  5/5        EV:  6    Int:  7 (9)  God:
Gold:   104        SH:  4    Dex: 11 (13) Spells: 4/4 levels left

rFire   . . .      SeeInvis .   a - +0 war axe
rCold   . . .      Faith    .   c - +0 buckler
rNeg    . . .      Spirit   .   g - +0 chain mail
rPois   .          Reflect  .   (no helmet)
rElec   .          Harm     .   (no cloak)
rCorr   .          Rampage  .   (no gloves)
Will    .....                   (no boots)
Stlth   ..........              (no amulet)
HPRegen 0.13/turn               (no ring)
MPRegen 0.09/turn               (no ring)

@: lethally poisoned (-1 -> -12)
A: sharp scales 1, demonic magic 1
a: no special abilities


You were on level 4 of the Dungeon.
You visited 1 branch of the dungeon, and saw 5 of its levels.

You collected 104 gold pieces.

Inventory:

Hand Weapons
 a - a +0 war axe (weapon)
 i - a +2 spear of freezing
 m - a +3 hunting sling
 q - a +2 vorpal hand axe
Missiles
 e - 45 arrows
 l - 38 stones (quivered)
 s - 5 atropa-tipped darts
Armour
 c - a +0 buckler (worn)
 g - a +0 chain mail (worn)
Scrolls
 b - a scroll of magic mapping {unknown}
 h - 2 scrolls of enchant armour {unknown}
 k - a scroll of holy word {unknown}
 n - a scroll of identify {unknown}
 p - a scroll of fog {unknown}
 r - a scroll of vulnerability {unknown}
Potions
 d - a potion of might
 f - a potion of degeneration
 j - a potion of resistance {unknown}
 o - a potion of curing {unknown}


   Skills:
 - Level 3.0 Fighting
 * Level 4.5 Axes
 - Level 2.6 Armour
 * Level 1.8 Stealth
 - Level 2.6 Shields


You had 4 spell levels left.
You didn't know any spells.
Your spell library contained the following spells:

 Spells                   Type           Power      Damage    Failure   Level
 Freeze                   Ice            0%         1d3       100%        1
 Magic Dart               Conj           0%         1d3       100%        1
 Sting                    Tmut/Pois      0%         1d3       100%        1
 Searing Ray              Conj           0%         2d4       100%        2
 Ozocubu's Armour         Ice            0%         N/A       100%        3
 Fulminant Prism          Conj/Hex       0%         3d6       100%        4
 Simulacrum               Ice/Necr       0%         N/A       100%        6
 Storm Form               Tmut/Air       0%         N/A       100%        7


Dungeon Overview and Level Annotations

Branches:
Dungeon (5/15)
 Temple: D:4-7

Altars:

Shops:
D:1 *

Annotations:
D:3 Pikel
D:4 Sigmund


Innate Abilities, Weirdness & Mutations

You are partially covered in razor-sharp scales. (AC +1, Slay +1)
Spells you cast may paralyse adjacent enemies.


Message History

The killer bee stings you.
There is a stone staircase leading up here.
The killer bee stings you.
You are poisoned.
The killer bee poisons you! The killer bee stings you.
You climb upwards.
Level annotation: Sigmund You feel sick.
There is a stone staircase leading down here.
You miss the killer bee.
You feel sick. The killer bee barely misses you. The killer bee stings you.
The killer bee closely misses you.
You closely miss the killer bee.
You feel sick. The killer bee stings you.
The killer bee stings you but does no damage.
The killer bee barely misses you.
You closely miss the killer bee.
You feel sick. You block the killer bee's attack. The killer bee stings you.
You barely miss the killer bee.
You feel sick.
You are no longer poisoned.
The killer bee stings you but does no damage.
The killer bee stings you. The killer bee barely misses you.
You barely miss the killer bee.
The killer bee stings you but does no damage. x2
You hit the killer bee but do no damage.
The killer bee stings you. The killer bee stings you!
* * * LOW HITPOINT WARNING * * *
You are lethally poisoned!
The killer bee poisons you! The killer bee stings you.
* * * LOW HITPOINT WARNING * * *
You closely miss the killer bee.
* * * LOW HITPOINT WARNING * * *
You feel very sick.
The killer bee stings you but does no damage.
The killer bee stings you.
* * * LOW HITPOINT WARNING * * *
You are more poisoned.
The killer bee poisons you!
It was a potion of degeneration.
There was something very wrong with that liquid.
You feel weakened.
You feel dopey.
You feel clumsy.
You die...

### #### ##.## #.[.
##...########## #)##
##.............####.##
###......####...........
#.....y..# ##...####.#.
#.#.##.@.# ##### #...
#.#......# ###.
#.#..##..# ##.
#........######### #..
#.......##.<.....# #.#
#.##.#.###.......# #.#
#.#.5#.# #.......# #.#
#.#.##^# #....{..# ##.#
#.#.##.# #.......# #...


You could see a killer bee.

Vanquished Creatures
  2 lemures
  A hound (D:3)
  Jessica (D:2)
  2 gnolls
  An adder skeleton (D:4)
  2 worms (D:2)
  A dart slug (D:3)
  11 orcs
  6 bats
  7 endoplasms
  4 giant cockroaches
  8 hobgoblins
  A quokka (D:1)
  3 ball pythons
  A frilled lizard (D:1)
  3 goblins
  6 rats
60 creatures vanquished.

Notes
Turn   | Place    | Note
-------+----------+-------------------------------------------
     0 | D:1      | yoda5477 the Demonspawn Fighter began the quest for the
                  | Orb.
     0 | D:1      | Reached XP level 1. HP: 18/18 MP: 1/1
    86 | D:1      | Reached skill level 2 in Axes
   269 | D:1      | Gained mutation: You are partially covered in razor-sharp
                  | scales. (AC +1, Slay +1) [demonic ancestry]
   269 | D:1      | Reached XP level 2. HP: 24/24 MP: 2/2
   346 | D:1      | Reached skill level 1 in Stealth
   454 | D:1      | Found Yttifog's Assorted Antiques.
   983 | D:2      | Reached XP level 3. HP: 15/29 MP: 3/3
  1175 | D:3      | Found a faded altar of an unknown god.
  1266 | D:2      | Reached skill level 3 in Axes
  1356 | D:2      | Noticed Jessica
  1361 | D:2      | Killed Jessica
  1454 | D:3      | Reached XP level 4. HP: 35/35 MP: 4/4
  2367 | D:3      | Got Jaoh's Volume of Ice and Changing
  2697 | D:4      | Reached skill level 4 in Axes
  2730 | D:4      | Noticed a lemure
  2730 | D:4      | Noticed a lemure
  2820 | D:3      | Killed a lemure
  3071 | D:4      | Noticed a lemure
  3128 | D:3      | Gained mutation: Spells you cast may paralyse adjacent
                  | enemies. [demonic ancestry]
  3128 | D:3      | Reached XP level 5. HP: 27/41 MP: 5/5
  3257 | D:4      | Noticed Pikel
  3349 | D:4      | Noticed Sigmund
  3695 | D:4      | Killed a lemure
  3855 | D:5      | Entered Level 5 of the Dungeon
  3870 | D:4      | HP: 2/41 [poisoned by a killer bee]
  3871 | D:4      | Succumbed to a killer bee's poison

Illustrated notes

Levels and vault maps discovered:
D:1:      zaba_arrival_water, layout_loops_corners, serial_shops, shop
D:2:      layout_loops_ring, basic_altar, minmay_misc_feat_four_crosses,
          uniq_crazy_yiuf_cottage, uniq_jessica
D:3:      layout_loops_ring, nicolae_ecumenical_oubliette
D:4:      layout_loops_cross, minmay_temple_entry_waves, minmay_diced_spiral,
          uniq_sigmund, uniq_pikel
D:5:      layout_basic, serial_corexii_hall, corexii_hall_statues_t,
          corexii_hall_statues_s, uniq_ijyb, uniq_duvessa

Skill      XL: |  1  2  3  4 |
---------------+-------------+-----
Axes           | 2 3 4 |  4.5
Stealth        | 1 |  1.8
Fighting       | |  3.0
Armour         | |  2.6
Shields        | |  2.6

Action                   |  1- 3 |  4- 6 || total
-------------------------+-------+-------++-------
Melee: War axe           |    65 |   123 ||   188
  Use: Potion            |       |     1 ||     1
Armor: Scale mail        |     8 |       ||     8
       Chain mail        |    24 |    81 ||   105
Dodge: Dodged            |    22 |    35 ||    57
Block: Buckler           |    12 |    20 ||    32

Table legend: (Time is in decaauts)
 A = Elapsed time spent in this place.
 B = Non-inter-level travel time spent in this place.
 C = Inter-level travel time spent in this place.
 D = Time resting spent in this place.
 E = Time spent auto-exploring this place.
 F = Levels seen in this place.
 G = Mean time per level.
                   A        B        C        D        E       F      G
               +--------+--------+--------+--------+--------+-----+--------+
         Total |   3958 |   3877 |     81 |   1111 |   1916 |   5 |  791.6 |
       Dungeon |   3958 |   3877 |     81 |   1111 |   1916 |   5 |  791.6 |
               +--------+--------+--------+--------+--------+-----+--------+

Top non-repeatable levels by time:
     D:3: 1598 daAuts
     D:1: 993 daAuts
     D:4: 711 daAuts
     D:2: 646 daAuts
     D:5: 7 daAuts
